 Dungeon Crawl Stone Soup version 0.22-a0-355-g201945f (webtiles) character file.

30 Amnesiac the Cutter (level 3, -2/19 HPs)
             Began as a Vine Stalker Fighter on Apr 17, 2018.
             Slain by Robin
             ... wielding a +0 flail
              (4 damage)
             ... on level 2 of the Dungeon.
             The game lasted 00:01:31 (417 turns).

Amnesiac the Cutter (Vine Stalker Fighter)           Turns: 417, Time: 00:01:31

Health: -2/19      AC:  7    Str: 19    XL:     3   Next: 18%
Magic:  0/4        EV:  7    Int:  8    God:
Gold:   14         SH:  9    Dex: 13    Spells: 2/2 levels left

rFire    . . .     SeeInvis .   a - +0 rapier
rCold    . . .     Gourm    .   c - +0 shield
rNeg     . . .     Faith    .   b - +0 scale mail
rPois    .         Spirit   +   (no helmet)
rElec    .         Reflect  .   k - +0 cloak
rCorr    .         Harm     .   (no gloves)
MR       .....                  (no boots)
Stlth    ..........             (no amulet)
HPRegen  0.06/turn              (no ring)
MPRegen  0.09/turn              (no ring)

@: no status effects
A: fangs 2, magic shield, antimagic bite, no potion heal 3, rot immunity
a: no special abilities


You were on level 2 of the Dungeon.
You were not hungry.

You visited 1 branch of the dungeon, and saw 2 of its levels.

You collected 14 gold pieces.

Inventory:

Hand Weapons
 a - a +0 rapier (weapon)
Armour
 b - a +0 scale mail (worn)
 c - a +0 shield (worn)
 k - a +0 cloak (worn)
Jewellery
 m - an uncursed ring of ice {unknown}
Scrolls
 e - a scroll of teleportation {!r, unknown}
 g - a scroll of fog {!r, unknown}
 l - a scroll of remove curse {!r, unknown}
Potions
 d - a potion of might {!q}
 h - 2 potions of flight {!q, unknown}
 i - a potion of curing {!q, unknown}
 j - a potion of berserk rage {!q, unknown}
Comestibles
 f - a ration


   Skills:
 - Level 2.6 Fighting
 + Level 3.2 Short Blades
 - Level 2.4 Armour
 - Level 2.6 Shields


You had 2 spell levels left.
You didn't know any spells.

Dungeon Overview and Level Annotations

Branches:
Dungeon (2/15)

Altars:
Yredelemnul

Annotations:
D:2 Robin


Innate Abilities, Weirdness & Mutations

You have extremely sharp teeth.
When hurt, damage is shared between your health and your magic reserves.
Your bite disrupts and absorbs the magic of your enemies.
Potions cannot restore your health.
You are immune to rotting.


Message History

You hit the hobgoblin.
You kill the hobgoblin!
You block Robin's attack.
Your shield prevents you from hitting Robin.
Robin is moderately wounded.
The goblin barely misses you.
You closely miss Robin.
Robin is moderately wounded.
Robin hits you but does no damage. You block the goblin's attack.
The goblin no longer looks unusually strong.
Items here: $ )) † a club; 9 gold pieces; a club; a goblin corpse You hit Robin.
You bite Robin, but do no damage.
Robin is heavily wounded.
Robin throws the goblin at you!
* * * LOW HITPOINT WARNING * * *
You block the goblin's attack.
You hit Robin but do no damage. You bite Robin, but do no damage.
Robin is heavily wounded.
Robin says, "A pitiful Vine like you will never find the ORB!"
You block Robin's attack. The goblin barely misses you.
Robin roars a battlecry!
The goblin goes into a battle-frenzy!
You hit the goblin.
You kill the goblin!
Robin throws the goblin at you!
You barely miss the goblin.
The goblin unwields an uncursed hunting sling.
You block the goblin's attack.
You barely miss the goblin. You block the goblin's attack.
Your shield and scale mail prevent you from hitting the goblin.
The goblin hits you but does no damage.
The goblin unwields an uncursed hunting sling.
The goblin wields an uncursed club.
You block the goblin's attack.
You barely miss the goblin. The goblin hits you.
* * * LOW HITPOINT WARNING * * *
The goblin hits you but does no damage. x2
You hit the goblin but do no damage. You bite the goblin. You drain its power.
You feel invigorated.
The goblin is severely wounded.
You block the goblin's attack. x2
You hit the goblin.
You kill the goblin!
You barely miss the goblin. You bite the goblin. You drain its power.
The goblin is severely wounded.
The goblin closely misses you. You block Robin's attack.
You closely miss the goblin.
The goblin is severely wounded.
The goblin hits you but does no damage. You block Robin's attack.
Your shield and scale mail prevent you from hitting the goblin.
The goblin is severely wounded.
The goblin completely misses you. Robin barely misses you.
You hit the goblin.
You kill the goblin!
You block Robin's attack.
Your shield and scale mail prevent you from hitting Robin.
You bite Robin, but do no damage.
Robin is heavily wounded.
Robin hits you with a flail.
* * * LOW HITPOINT WARNING * * *
You hit Robin. You bite Robin, but do no damage.
Robin is severely wounded.
Robin hits you with a flail!
You die...

.###. ..... . #######...# .# .#
#<..).#.#.# #.# #. ..##(....#%#.#
#.# #.. ...(..)((#.#.#### #.#
#..## .##....).(......####.#
#.... #÷.(.......##))....#
#.##.##
#.......##..##@)<..###.##..####
#.....g.###.###g............)..
........(###(gg..†...##.###..###
..........##...##(.).>##.#.......
.............#..#...(...(#.......
.........#..(...#..>....(#.......
..............#....##....(.......
.........#......#................
.)....................##.......


You could see Robin.

Vanquished Creatures
  2 leopard geckos
  2 giant cockroaches
  5 hobgoblins (D:2)
  2 kobolds (D:2)
  A quokka (D:2)
  A ball python (D:1)
  4 frilled lizards
  7 goblins (D:2)
  A rat (D:1)
25 creatures vanquished.

Notes
Turn   | Place    | Note
-------+----------+-------------------------------------------
     0 | D:1      | Amnesiac the Vine Stalker Fighter began the quest for the Orb.
     0 | D:1      | Reached XP level 1. HP: 11/11 MP: 2/2
    44 | D:2      | Reached skill level 2 in Short Blades
    56 | D:2      | Found a basalt altar of Yredelemnul.
    74 | D:2      | Noticed Robin
    87 | D:1      | Reached XP level 2. HP: 3/16 MP: 1/3
   318 | D:2      | Reached skill level 3 in Short Blades
   384 | D:2      | Reached XP level 3. HP: 10/19 MP: 4/4
   417 | D:2      | Slain by Robin

Vault maps used:
D:1:      giann_forest_graveyard, st_stairs_1, minmay_misc_feat_square
D:2:      first_ration, yredelemnul_altar_generic, uniq_robin

Skill      XL: |  1  2 |
---------------+-------+-----
Short Blades   | 2 3 |  3.2
Fighting       | |  2.6
Armour         | |  2.4
Shields        | |  2.6

Action                   || total
-------------------------++-------
Melee: Rapier            ||    75
       Bite              ||    14
Armor: Scale mail        ||    28
Dodge: Dodged            ||    25
Block: Shield            ||    49

Table legend:
 A = Spawn XP
 B = Non-spawn XP
 C = Spawn XP percentage of total XP
 D = Spawn monster count
 E = Non-spawn monster count
 F = Spawn count percentage of total count
 G = Total turns spent on level
                    A         B        C        D         E        F      G
               +---------+---------+-------+---------+---------+-------+---------
         Total |       0 |      43 |   0.0 |       0 |      25 |   0.0 |   417
               +---------+---------+-------+---------+---------+-------+---------
           D:1 |       0 |      10 |   0.0 |       0 |       7 |   0.0 |   236
           D:2 |       0 |      33 |   0.0 |       0 |      18 |   0.0 |   181
               +---------+---------+-------+---------+---------+-------+---------
